 Dungeon Crawl Stone Soup version 0.14.1-26-g5a19342 (webtiles) character file.

141 Kae the Insei (level 3, 0/31 HPs)
             Began as a Naga Transmuter on Aug 2, 2014.
             Slain by a kobold
             ... wielding a cursed +0,-1 club
              (1 damage)
             ... on Level 2 of the Dungeon.
             The game lasted 00:02:33 (2866 turns).

Kae the Insei (Naga Transmuter)                     Turns: 2866, Time: 00:02:33

HP   0/31        AC  2     Str 12      XL: 3   Next: 97%
MP   6/6         EV 10     Int 13      God:
Gold 85          SH  0     Dex 12      Spells:  3 memorised,  0 levels left

rFire  . . .     SeeInvis +     k - +1,+2 whip
rCold  . . .     Clarity  .     c - +0 robe
rNeg   . . .     Conserve .     (no shield)
rPois  +         rCorr    .     (helmet restricted)
rElec  .         rRot     .     (no cloak)
SustAb . .       Spirit   .     (no gloves)
rMut   .         Warding  .     (no barding)
Saprov . . .     Stasis   .     (no amulet)
MR     .....                    (no ring)
                                (no ring)

@: appendage (expiring), very slow, not resistant to hostile enchantments,
unstealthy
A: spit poison, horns 2, see invisible, deformed body, poison resistance,
slowness 2, AC +1
a: Spit Poison, End Transformation


You were on level 2 of the Dungeon.
You were not hungry.
You had grown temporary horns.
You visited 1 branch of the dungeon, and saw 2 of its levels.

You collected 85 gold pieces.

Inventory:

Hand weapons
 k - a +1,+2 whip (weapon)
Missiles
 b - 12 arrows
Armour
 c - a +0 robe (worn)
Comestibles
 a - a bread ration
 m - 3 meat rations
Scrolls
 e - 2 scrolls of remove curse {unknown}
 f - 3 scrolls of identify {unknown}
 g - 3 scrolls of noise {unknown}
 h - a scroll of enchant armour {unknown}
 i - 2 scrolls of fog {unknown}
 n - a scroll of random uselessness {unknown}
 o - a scroll of recharging {unknown}
 p - a scroll of enchant weapon I {unknown}
 q - a scroll of magic mapping {unknown}
Potions
 j - a potion of might {unknown}
 l - a potion of confusion {unknown}
Books
 d - a book of Changes

   Spells                             Type                      Level
   *Beastly Appendage                 Transmutation                1
   *Sticks to Snakes                  Transmutation                2
   *Spider Form                       Transmutation/Poison         3
   Ice Form                           Ice/Transmutation            4
   Blade Hands                        Transmutation                5


   Skills:
 - Level 1.0 Fighting
 - Level 1.5 Dodging
 * Level 4.0 Unarmed Combat
 - Level 2.0 Spellcasting
 + Level 3.0 Transmutations


You couldn't memorise any spells.
You knew the following spells:

 Your Spells              Type           Power        Failure   Level  Hunger
a - Beastly Appendage     Trmt           #.....       10%         1    ##.....
b - Sticks to Snakes      Trmt           #.........   12%         2    ###....
c - Spider Form           Trmt/Pois      #.........   38%         3    ####...


Dungeon Overview and Level Annotations

Branches:
Dungeon (2/15)

Altars:
Cheibriados
Zin
The Shining One

Annotations:
D:2 1 exclusion


Innate Abilities, Weirdness & Mutations

You cannot wear boots.
You can spit poison.
Your serpentine skin is tough (AC +1).*
You have supernaturally acute eyesight.
Armour fits poorly on your strangely shaped body.*
Your system is resistant to poisons.*
You cover ground very slowly.*
You have a pair of horns on your head.*


Message History

You miss the kobold.
The kobold is severely wounded.
The kobold hits you but does no damage.
You barely miss the kobold.
The kobold is severely wounded.
The kobold barely misses you.
You hit the kobold but do no damage.
The kobold is severely wounded.
The kobold closely misses you.
You closely miss the kobold.
The kobold is severely wounded.
The kobold hits you with a club.
* * * LOW HITPOINT WARNING * * *
You barely miss the kobold.
The kobold is severely wounded.
The kobold closely misses you.
You barely miss the kobold.
The kobold is heavily wounded.
The kobold hits you with a club.
You die...

##.#######
#....... #.#
#.....## #.#
##...### #.#
##..).. #.#
####.#### #.#
#.......# #.#
#.##.#..# #.# ##
######..# #@###.#
#..#
#K8.#.#.#.#..##..#
#.((........_#...#
#...........⌠#####
##8.#.#.#.#.
##_#_# # #####


You could see a kobold.

Vanquished Creatures
  An inept item mimic (D:2)
  A ball python (D:2)
  2 giant cockroaches (D:1)
  7 goblins
  9 hobgoblins
  2 quokkas (D:2)
  4 bats
  2 giant geckos (D:2)
  2 giant newts
  5 jackals
  4 kobolds
  4 rats
43 creatures vanquished.

Notes
Turn   | Place    | Note
--------------------------------------------------------------
     0 | D:1      | Kae, the Naga Transmuter, began the quest for the Orb.
     0 | D:1      | Reached XP level 1. HP: 18/18 MP: 3/3
   163 | D:1      | Reached XP level 2. HP: 1/25 MP: 2/4
  1449 | D:2      | Reached XP level 3. HP: 26/31 MP: 4/6
  1453 | D:2      | Learned a level 2 spell: Sticks to Snakes
  1457 | D:2      | Learned a level 3 spell: Spider Form
  1930 | D:2      | Reached skill level 4 in Unarmed Combat
  2838 | D:2      | Found a glowing silver altar of Zin.
  2839 | D:2      | Found a snail-covered altar of Cheibriados.
  2844 | D:2      | Found a glowing golden altar of the Shining One.
  2864 | D:2      | HP: 1/31 [kobold/club (3)]
  2866 | D:2      | Slain by a kobold

Action                   || total
-------------------------++-------
Melee: Unarmed           ||    57
       Whip              ||   108
 Cast: Beastly Appendage ||    12
 Abil: Spit Poison       ||     7
 Stab: Sleeping          ||     1
